 Dungeon Crawl Stone Soup version 0.28-a0-580-ga2639ab843 (webtiles) character file.

Game seed: 13967200577693967136

11784 Heedrag the Destroyer (level 11, 0/94 HPs)
             Began as a Green Draconian Conjurer on Oct 3, 2021.
             Was an Initiate of Vehumet.
             Slain by a basilisk (6 damage)
             ... while petrified by a basilisk
             ... on level 1 of the Lair of Beasts.
             The game lasted 00:29:29 (16380 turns).

Heedrag the Destroyer (Green Draconian Conjurer)   Turns: 16380, Time: 00:29:30

Health: 0/94       AC:  9    Str: 10    XL:     11   Next: 53%
Magic:  3/21       EV:  2    Int: 22    God:    Vehumet [......]
Gold:   654        SH:  0    Dex:  9    Spells: 13/24 levels left

rFire   . . .      SeeInvis .   t - +2 war axe (elec)
rCold   . . .      Faith    .   (no shield)
rNeg    + + +      Spirit   .   (armour unavailable)
rPois   ∞          Reflect  .   (helmet restricted)
rElec   .          Harm     .   q - scarf {+Inv}
rCorr   +          Rampage  .   y - +0 pair of gloves
Will    .....                   M - +0 pair of boots
Stlth   +++.......              e - amulet of regeneration
HPRegen 1.25/turn               E - +4 ring of evasion
MPRegen 0.17/turn               k - ring of resist corrosion

@: petrified
A: breathe noxious fumes, AC +7, unfitting armour, poison resistance,
cold-blooded
a: Breathe Noxious Fumes, Renounce Religion, Evoke Invisibility


You were on level 1 of the Lair of Beasts.
You worshipped Vehumet.
Vehumet was noncommittal.
You visited 3 branches of the dungeon, and saw 13 of its levels.
You also visited: Ossuary.

You collected 675 gold pieces.
You spent 21 gold pieces at shops.

Inventory:

Hand Weapons
 a - a +0 club
   (You took it off a goblin on level 1 of the Dungeon)
 t - a +2 war axe of electrocution (weapon)
   (You found it on level 4 of the Dungeon)
 x - a +2 whip of freezing
   (You took it off Pikel on level 6 of the Dungeon)
Missiles
 z - 38 poisoned darts (quivered)
 B - 3 curare-tipped darts {!f}
 P - 2 throwing nets {!f}
Armour
 l - a +0 cloak
   (You found it on level 2 of the Dungeon)
 q - a scarf of invisibility (worn)
   (You found it on level 3 of the Dungeon)
 y - a +0 pair of gloves (worn)
   (You found it on level 7 of the Dungeon)
 M - a +0 pair of boots (worn)
   (You found it on level 8 of the Dungeon)
Magical Staves
 Q - a staff of death
   (You found it on level 10 of the Dungeon)
Jewellery
 e - an amulet of regeneration (around neck)
   (You found it on level 11 of the Dungeon)
 j - a +6 ring of strength
   (You found it on level 2 of the Dungeon)
 k - a ring of resist corrosion (right hand)
   (You found it on level 2 of the Dungeon)
 E - a +4 ring of evasion (left hand)
   (You found it on level 8 of the Dungeon)
Wands
 d - a wand of iceblast (11)
   (You took it off a centaur on level 10 of the Dungeon)
Scrolls
 b - 4 scrolls of teleportation {@r4}
 f - 2 scrolls of enchant armour {unknown}
 g - 3 scrolls of fog
 h - 3 scrolls of magic mapping
 i - 2 scrolls of brand weapon {unknown}
 o - 2 scrolls of amnesia
 v - 3 scrolls of noise {unknown}
 w - 3 scrolls of blinking
 A - 3 scrolls of fear
 I - a scroll of acquirement {unknown}
 N - a scroll of holy word {unknown}
 O - a scroll of immolation {unknown}
Potions
 c - 3 potions of might {unknown}
 n - 3 potions of lignification {unknown}
 p - a potion of magic {unknown}
 r - 6 potions of heal wounds {@q2}
 s - a potion of experience {unknown}
 u - 5 potions of flight {unknown}
 C - a potion of haste {unknown}
 D - a potion of brilliance {unknown}
 F - a potion of berserk rage {unknown}
 G - 2 potions of mutation {unknown}
 H - 4 potions of degeneration {unknown}
 J - a potion of ambrosia {unknown}
 K - a potion of attraction {unknown}
 L - 2 potions of invisibility {unknown}
 R - 6 potions of curing {unknown}


   Skills:
 + Level 8.1 Fighting
 - Level 2.0 Throwing
 - Level 6.0 Dodging
 - Level 6.0 Stealth
 + Level 7.0 Spellcasting
 - Level 11.0 Conjurations
 + Level 4.4 Hexes
 + Level 4.8 Translocations
 + Level 0.9 Ice Magic
 + Level 0.8 Air Magic


You had 13 spell levels left.
You knew the following spells:

 Your Spells              Type           Power      Damage    Failure   Level
a - Magic Dart            Conj           100%       1d8       1%          1
s - Searing Ray           Conj           100%       2d8       1%          2
x - Iskenderun's Mystic   Conj/Tloc      42%        2d10      3%          4
z - Fulminant Prism       Conj/Hex       20%        3d13      3%          4

Your spell library contained the following spells:

 Spells                   Type           Power      Damage    Failure   Level
 Blink                    Tloc           N/A        N/A       1%          2
 Dazzling Flash           Conj/Hex       82%        N/A       1%          3
 Lesser Beckoning         Tloc           29%        N/A       3%          3
 Portal Projectile        Hex/Tloc       56%        N/A       3%          3
 Mephitic Cloud           Conj/Pois/Air  25%        N/A       4%          3
 Sublimation of Blood     Necr           3%         N/A       12%         2
 Call Canine Familiar     Summ           7%         N/A       24%         3
 Ignite Poison            Fire/Tmut/Pois 7%         N/A       24%         3
 Irradiate                Conj/Tmut      15%        3d19      24%         5
 Manifold Assault         Tloc           29%        N/A       30%         5
 Leda's Liquefaction      Hex/Erth       8%         N/A       32%         4
 Freezing Cloud           Conj/Ice/Air   13%        6-21      36%         5
 Silence                  Hex/Air        9%         N/A       61%         5
 Petrify                  Tmut/Erth      7%         N/A       63%         4
 Agony                    Necr           7%         N/A       92%         5


Dungeon Overview and Level Annotations

Branches:
Dungeon (11/15)            Temple (1/1) D:4            Lair (1/6) D:8
    Orc (0/2) D:9         Ossuary (visited)

Altars:
Ashenzari
Cheibriados
Dithmenos
Elyvilon
Fedhas
Gozag
Hepliaklqana
Kikubaaqudgha
Makhleb
Nemelex Xobeh
Okawaru
Qazlal
Ru
Sif Muna
Trog
Uskayaw
Vehumet
Wu Jian
Xom
Yredelemnul
Zin
The Shining One

Shops:
D:3 [   D:7 *

Annotations:
D:3 1 runed translucent door, Crazy Yiuf
D:7 exclusion: 2 doors


Innate Abilities, Weirdness & Mutations

You can breathe blasts of noxious fumes.
Your lurid green scales are hard. (AC +7)
You cannot fit into any form of body armour.
Your system is resistant to poisons. (rPois)
You are cold-blooded and may be slowed by cold attacks.


Message History

You are slowing down.
Unknown command.
Your limbs are stiffening.
You have turned to stone.
The five-headed hydra bites you but does no damage.
The five-headed hydra bites you.
The five-headed hydra bites you but does no damage.
The five-headed hydra bites you. The five-headed hydra bites you!
The five-headed hydra bites you. x3; The five-headed hydra bites you!
The five-headed hydra bites you but does no damage.
The five-headed hydra bites you! x3
* * * LOW HITPOINT WARNING * * *
The five-headed hydra bites you!
* * * LOW HITPOINT WARNING * * *
The five-headed hydra bites you.
* * * LOW HITPOINT WARNING * * *
The five-headed hydra bites you but does no damage.
The five-headed hydra bites you!
* * * LOW HITPOINT WARNING * * *
The five-headed hydra bites you!
* * * LOW HITPOINT WARNING * * *
The five-headed hydra bites you!
* * * LOW HITPOINT WARNING * * *
The five-headed hydra bites you but does no damage.
The basilisk gazes at you. You resist with some effort.
The five-headed hydra bites you but does no damage. x3
The five-headed hydra bites you!
* * * LOW HITPOINT WARNING * * *
The five-headed hydra bites you but does no damage.
The basilisk gazes at you.
The five-headed hydra completely misses you.
The five-headed hydra bites you.
* * * LOW HITPOINT WARNING * * *
The five-headed hydra bites you.
* * * LOW HITPOINT WARNING * * *
The five-headed hydra bites you.
* * * LOW HITPOINT WARNING * * *
The five-headed hydra bites you but does no damage.
The basilisk splashes around in the water.
The five-headed hydra bites you!
* * * LOW HITPOINT WARNING * * *
The five-headed hydra bites you but does no damage.
The five-headed hydra bites you!
* * * LOW HITPOINT WARNING * * *
The five-headed hydra bites you but does no damage.
The five-headed hydra bites you!
* * * LOW HITPOINT WARNING * * *
The basilisk bites you!
You die...

...... ........ ......
....... #### ...... ......
##≈≈#### #....### #....
##≈≈≈≈≈≈## #.)#.######....
##≈≈.PP.≈≈### #............
#≈≈......≈≈≈####.........†..
#≈≈P......P≈l≈#...#.#.##....
#≈≈.....#..@D....#######....
#≈≈<.#.#####.....# #...l.
#≈≈≈P.## ##...## ##....
##≈≈≈## ##..# #.... #####
#..# #...† #..# #.... #..#
######.... .... ..........
..............#


You could see a five-headed hydra and a basilisk.

Vanquished Creatures
  Harold (D:7)
  A hydra (D:11)
  A boulder beetle (D:11)
  A two-headed ogre (D:8)
  Pikel (D:6)
  2 komodo dragons (Lair:1)
  Sigmund (D:2)
  A shadow (D:9)
  18 yaks
  3 wyverns
  Eustachio (D:4)
  Edmund (D:6)
  Menkaure (D:7)
  4 water moccasins
  An acid dragon (D:6)
  Duvessa (D:7)
  2 orc warriors
  A sky beast (D:7)
  5 necrophages
  A black bear (Lair:1)
  An ogre (D:5)
  8 centaurs
  A lemure (D:6)
  A kobold brigand (D:9)
  2 bullfrogs (Lair:1)
  2 scorpions
  Dowan (D:7)
  A wyvern skeleton (D:6)
  11 killer bees
  5 wights (D:7)
  A howler monkey (D:11)
  3 centaur zombies
  2 hounds (D:7)
  A gnoll shaman (D:7)
  A bullfrog skeleton (D:6)
  A centaur skeleton (D:7)
  An orc priest (D:7)
  2 jellies
  An iguana (D:4)
  Natasha (thrice) (D:4)
  6 orc wizards
  A killer bee zombie (D:5)
  3 hound skeletons
  8 mummies (Ossuary)
  9 gnolls
  3 howler monkey zombies
  8 adders
  A shadow imp (D:6)
  An ufetubus (D:4)
  4 worms
  7 dart slugs
  19 orcs
  9 ball pythons
  5 endoplasms
  5 giant cockroaches
  6 goblins
  3 hobgoblins
  3 jackals (D:2)
  11 kobolds
  A quokka (D:2)
  8 bats
  3 frilled lizards
  A gnoll zombie (Ossuary)
  2 hobgoblin zombies (Ossuary)
  4 kobold zombies (Ossuary)
  An orc zombie (Ossuary)
  8 rats
  A fulminant prism (D:8)
238 creatures vanquished.

Vanquished Creatures (others)
  An orc wizard (D:11)
  26 fulminant prisms
  2 fungi (Lair:1)
  21 plants (Lair:1)
50 creatures vanquished.

Grand Total: 288 creatures vanquished

Notes
Turn   | Place    | Note
-------+----------+-------------------------------------------
     0 | D:1      | Heedrag the Draconian Conjurer began the quest for the Orb.
     0 | D:1      | Reached XP level 1. HP: 14/14 MP: 3/3
   194 | D:1      | Reached XP level 2. HP: 7/22 MP: 0/5
   597 | D:1      | Learned a level 2 spell: Searing Ray
   653 | D:1      | Found a faded altar of an unknown god.
   892 | D:1      | Reached XP level 3. HP: 27/27 MP: 1/6
  1270 | D:2      | Noticed Sigmund
  1275 | D:2      | Killed Sigmund
  1276 | D:2      | Reached skill level 5 in Conjurations
  1276 | D:2      | Reached XP level 4. HP: 27/36 MP: 0/8
  1276 | D:2      | Reached XP level 5. HP: 31/41 MP: 0/9
  1359 | D:2      | Learned a level 4 spell: Fulminant Prism
  2188 | D:2      | Found a hide-covered altar of Uskayaw.
  2747 | D:3      | Found a broken altar of Ashenzari.
  3037 | D:3      | Found Fothrus's Antique Armour Shop.
  3191 | D:3      | Reached XP level 6. HP: 23/48 MP: 1/10
  3628 | D:3      | Found a runed translucent door.
  3629 | D:3      | Noticed Crazy Yiuf
  4103 | D:4      | Noticed Eustachio
  4170 | D:4      | Killed Eustachio
  4171 | D:4      | Reached skill level 1 in Hexes
  4627 | D:4      | Found a blossoming altar of Fedhas.
  4756 | D:4      | Learned a level 4 spell: Iskenderun's Mystic Blast
  4834 | D:4      | Found a shimmering altar of Xom.
  4861 | D:4      | Noticed Natasha
  4866 | D:4      | Killed Natasha
  4867 | D:4      | Your scales start taking on a lurid green colour.
  4867 | D:4      | Reached XP level 7. HP: 56/56 MP: 5/11
  4867 | D:4      | Gained mutation: Your system is resistant to poisons.
                  | (rPois) [Green Draconian growth]
  4902 | D:4      | Noticed Natasha
  4909 | D:4      | Killed Natasha
  5072 | D:4      | Found a staircase to the Ecumenical Temple.
  5081 | D:4      | Noticed Natasha
  5086 | D:4      | Killed Natasha
  5092 | Temple   | Entered the Ecumenical Temple
  5473 | D:5      | Entered Level 5 of the Dungeon
  5543 | D:5      | Reached skill level 6 in Conjurations
  5842 | D:5      | Reached skill level 1 in Translocations
  6101 | D:5      | Identified the +0 ring mail "Xoschuqali" {Contam rN+ Str+9}
  6474 | D:6      | Reached XP level 8. HP: 50/63 MP: 5/13
  6591 | D:6      | Noticed Pikel
  6598 | D:6      | Killed Pikel
  6599 | D:6      | Reached skill level 7 in Conjurations
  7434 | D:7      | Reached skill level 5 in Fighting
  7674 | D:7      | Reached XP level 9. HP: 32/71 MP: 1/15
  7860 | D:7      | Noticed Dowan
  7862 | D:7      | Noticed Duvessa
  8105 | D:7      | Noticed Menkaure
  8110 | D:7      | Killed Menkaure
  8174 | D:7      | Reached skill level 5 in Stealth
  8174 | D:7      | Reached skill level 8 in Conjurations
  8346 | D:7      | Killed Duvessa
  8353 | D:7      | Killed Dowan
  8769 | D:7      | Found Disk's Serpentskin Sales.
  8784 | D:7      | Reached skill level 1 in Throwing
  9053 | D:7      | Bought 3 curare-tipped darts for 21 gold pieces
  9119 | D:7      | Noticed a seven-headed hydra
  9189 | D:7      | Noticed Harold
  9243 | D:6      | HP: 2/75 [wyvern skeleton (3)]
  9623 | D:6      | Reached skill level 5 in Spellcasting
  9901 | D:6      | Noticed Edmund
  9910 | D:6      | Killed Edmund
 10036 | D:6      | Reached skill level 5 in Dodging
 10408 | D:7      | Killed Harold
 10409 | D:7      | Reached skill level 9 in Conjurations
 10409 | D:7      | Reached XP level 10. HP: 48/83 MP: 2/18
 10770 | D:8      | Found a sand-covered staircase.
 10776 | Ossuary  | Entered an ossuary
 11265 | D:8      | Noticed a two-headed ogre
 11770 | D:8      | Found a shimmering blue altar of Sif Muna.
 11835 | D:8      | Found a staircase to the Lair.
 11904 | D:8      | Killed a two-headed ogre
 12778 | D:9      | Found a white marble altar of Elyvilon.
 12925 | D:9      | Found a hide-covered altar of Uskayaw.
 12961 | D:9      | Found a staircase to the Orcish Mines.
 13058 | D:9      | Reached skill level 10 in Conjurations
 13455 | D:9      | Found a hazy altar of Hepliaklqana.
 13566 | D:9      | Found a radiant altar of Vehumet.
 13568 | D:9      | Found a sacrificial altar of Ru.
 13569 | D:9      | Found a bloodstained altar of Trog.
 13578 | D:9      | Found a sparkling altar of Nemelex Xobeh.
 13581 | D:9      | Found a glowing silver altar of Zin.
 13864 | D:10     | Entered Level 10 of the Dungeon
 13903 | D:10     | Reached XP level 11. HP: 86/92 MP: 14/20
 14124 | D:10     | Found an ancient bone altar of Kikubaaqudgha.
 14690 | D:11     | Noticed a six-headed hydra
 14856 | D:11     | Killed a six-headed hydra
 14858 | D:11     | Noticed a boulder beetle
 14987 | D:11     | Killed a boulder beetle
 15772 | D:11     | Identified the ring "Ceen" {rElec EV+4 Int+6 Dex-4 Slay-5}
 15772 | D:11     | Noticed a death knight
 15848 | Lair:1   | Entered Level 1 of the Lair of Beasts
 15902 | D:9      | Became a worshipper of Vehumet
 16152 | Lair:1   | Reached skill level 11 in Conjurations
 16229 | Lair:1   | Noticed a five-headed hydra
 16380 | Lair:1   | Slain by a basilisk

Illustrated notes

Levels and vault maps discovered:
D:1:      beargit_arrival_diablo_church, layout_loops_ring,
          ebering_ecumenical_altar_webs
D:2:      minmay_door_path, layout_basic, basic_altar, uniq_sigmund
D:3:      layout_loops_ring, mainiacjoe_overflow_alcove_1, serial_shops, shop,
          st_stairs_14, dk_vineyard_2, uniq_crazy_yiuf_cottage
D:4:      layout_cave_pools, nicolae_overflow_crystal_walls,
          mainiacjoe_overflow_surrounded_room, temple_green, minmay_checkerbox,
          uniq_natasha, uniq_eustachio
D:5:      layout_basic, corexii_hall_statues_s
D:6:      layout_basic, small_statue_intersection,
          hangedman_decor_clover_reticule, corexii_hall_statues_i, uniq_edmund,
          uniq_pikel
D:7:      minmay_chambers_of_sixes, layout_basic, guppyfry_shop_venom,
          uniq_harold, uniq_duvessa, uniq_menkaure
D:8:      layout_cave_pods, nicolae_sif_muna_little_library, dpeg_oklobed_lair,
          nicolae_ossuary_entry_plus, st_stairs_12, grunt_decor_mini_mirrors
D:9:      layout_roguey, mainiacjoe_overflow_six_doors_small, elyvilon_altar_5,
          nicolae_hepliaklqana_hippocampus, minmay_overflow_temple_star_hex
D:10:     layout_loops_ring, kiku_gazebo_pond_becter, minmay_door_square
D:11:     layout_rooms, gauntlet_entry_generic
Temple:   dpeg_three_leaves_temple
Lair:1:   layout_small_grid, wad_woods_river_02, columned_hall_lemuel,
          cheibrodos_lair_caveside_slide, cheibrodos_lair_lostbears,
          grunt_megastairs_2, uniq_urug

Skill      XL: |  1  2  3  4  5  6  7  8  9 10 11 |
---------------+----------------------------------+-----
Stealth        | 2 3 4 5 6 |  6.0
Dodging        | 2 3 4 5 6 |  6.0
Fighting       | 2 3 5 6 7 8 |  8.1
Conjurations   | 5 6 7 9 10 11 | 11.0
Spellcasting   | 3 4 5 6 7 |  7.0
Hexes          | 1 2 3 4 |  4.4
Translocations | 1 2 3 4 |  4.8
Throwing       | 2 |  2.0
Ice Magic      | |  0.9
Air Magic      | |  0.8

Action                   |  1- 3 |  4- 6 |  7- 9 | 10-12 || total
-------------------------+-------+-------+-------+-------++-------
Melee: Unarmed           |    30 |       |       |       ||    30
       Tailslap          |     4 |     1 |     7 |     6 ||    18
       Club              |     6 |    22 |       |       ||    28
       War axe           |       |       |    49 |    86 ||   135
Throw: Dart              |       |       |       |    26 ||    26
 Cast: Magic Dart        |    45 |   101 |   105 |    79 ||   330
       Searing Ray       |     1 |    18 |    46 |    33 ||    98
       Fulminant Prism   |       |       |     3 |    24 ||    27
       Iskenderun's Myst |       |       |     3 |    10 ||    13
 Abil: Breathe Noxious F |       |       |    20 |    13 ||    33
  Use: Scroll            |       |       |       |     8 ||     8
 Stab: Sleeping          |       |       |     1 |     2 ||     3
       Confused          |       |       |     2 |     5 ||     7
Armor: Skin              |    18 |    56 |    27 |    80 ||   181
Dodge: Dodged            |    33 |    73 |    89 |   179 ||   374

Table legend: (Time is in decaauts)
 A = Elapsed time spent in this place.
 B = Non-inter-level travel time spent in this place.
 C = Inter-level travel time spent in this place.
 D = Time resting spent in this place.
 E = Time spent auto-exploring this place.
 F = Levels seen in this place.
 G = Mean time per level.
                   A        B        C        D        E       F      G
               +--------+--------+--------+--------+--------+-----+--------+
         Total |  16468 |  15594 |    874 |   2267 |  11098 |  14 | 1176.3 |
       Dungeon |  15488 |  14637 |    851 |   2170 |  10565 |  11 | 1408.0 |
        Temple |    127 |    112 |     15 |      0 |    105 |   1 |  127.0 |
          Lair |    432 |    424 |      8 |     77 |    185 |   1 |  432.0 |
       Ossuary |    420 |    420 |      0 |     20 |    243 |   1 |  420.0 |
               +--------+--------+--------+--------+--------+-----+--------+

Top non-repeatable levels by time:
     D:7: 2658 daAuts
     D:6: 1752 daAuts
     D:3: 1659 daAuts
     D:8: 1622 daAuts
     D:2: 1492 daAuts
    D:10: 1371 daAuts
     D:1: 1252 daAuts
     D:9: 1177 daAuts
     D:5: 964 daAuts
     D:4: 952 daAuts
    D:11: 585 daAuts
  Lair:1: 432 daAuts
 Ossuary: 420 daAuts
  Temple: 127 daAuts
